Harfangs vs Wolves

Created - 1 mars 2015 at 21:53

Goals
1 2 3 OT1 SO T
Harfangs 1 1 2 0 0 4
Wolves 0 1 3 0 1 5
Shots
1 2 3 OT1 SO T
Harfangs 8 16 19 0 5 43
Wolves 15 6 11 0 5 32

1st period

1. Harfangs , Chris Kreider 40 (Stefan Ruzicka, Petri Kontiola) at 7:46

Penalties :
Chris Neil (Min) for Roughing (Minor) at 7:52, Alexandre Picard (BEA) for Interference (Minor) at 8:25, Mike Zigomanis (Min) for Hooking (Minor) at 12:03, Willie Mitchell (Min) for Tripping (Minor) at 15:31

2nd period

2. Wolves , Tim Crowder 17 (Nathan Davis, Geoff Paukovich) at 5:44
3. Harfangs , Petri Kontiola 24 (Chris Kreider, Stefan Ruzicka) at 17:38

Penalties :
Marc-André Gragnani (Min) for High sticking (Minor) at 8:36, Nathan Davis (Min) for Interference (Minor) at 18:36

3rd period

4. Harfangs , Andrew Orpik 2 (Chris Kreider) at 6:50
5. Wolves , Dan Fritsche 25 (Bruno Gervais) at 7:48
6. Harfangs , Petri Kontiola 25 (Stefan Ruzicka, Chris Kreider) at 13:50 (PP)
7. Wolves , Jonathan Rheault 9 (Marc-André Gragnani, Nate Guenin) at 15:42
8. Wolves , Tim Crowder 18 (Nathan Davis, Bruno Gervais) at 17:17

Penalties :
Nate Guenin (Min) for Interference (Minor) at 9:14, Dmitry Kulikov (Min) for Goalie Interference (Minor) at 13:39

Overtime #1

No Goal

Penalties :
No Penalty

Shootout

Penalty Shot by Petri Kontiola for Harfangs - Stopped by Jamie Storr
Penalty Shot by Jarret Stoll for Wolves - Stopped by Darcy Kuemper
Penalty Shot by Craig Smith for Harfangs - Stopped by Jamie Storr
Penalty Shot by Mike Zigomanis for Wolves - Stopped by Darcy Kuemper
Penalty Shot by Stefan Ruzicka for Harfangs - Stopped by Jamie Storr
Penalty Shot by Nikolai Kulemin for Wolves - Shot Misses the Net
Penalty Shot by James Wisniewski for Harfangs - Shot Misses the Net
Penalty Shot by Dan Fritsche for Wolves - Stopped by Darcy Kuemper
Penalty Shot by Tomas Tatar for Harfangs - Shot Misses the Net
Penalty Shot by Chris Neil for Wolves - Goal!

Penalties :
No Penalty

Goalie Stats

Darcy Kuemper (BEA), 28 saves from 32 shots - (0,875), OTL, 1-2-2, 65:00 minutes
Jamie Storr (Min), 39 saves from 43 shots - (0,907), W, 29-18-4, 65:00 minutes

Players Stats for Harfangs

Player Name              G  A  P  +/- PIM S  H  SB GA TA FO     MP     PP MP  PK MP  
------------------------------------------------------------------------------------
Alex Killorn             0  0  0   0  0   2  3  0  0  0  5/8    19:38   4:56   0:03 
Alexandre Picard         0  0  0  -2  2   2  1  0  1  1  0/0    27:24   6:37   0:00 
Andrew Orpik             1  0  1   1  0   2  0  2  1  0  0/0    14:48   0:00   0:00 
Brett Carson             0  0  0   0  0   2  1  2  0  2  0/0    21:53   4:01   0:23 
Brian Lashoff            0  0  0   1  0   1  0  0  0  1  0/0    15:47   0:00   0:10 
Chris Kreider            1  3  4   2  0   3  6  0  0  0  4/4    24:08   5:32   0:00 
Craig Smith              0  0  0  -2  0   2  0  1  1  0  5/9    13:09   0:08   0:10 
Drew Shore               0  0  0  -1  0   2  1  1  0  1  1/2     7:13   0:00   0:00 
Dustin Jeffrey           0  0  0  -2  0   3  0  0  1  0  0/0    11:48   0:00   0:30 
James Wisniewski         0  0  0  -2  0   5  1  0  1  0  0/0    28:38   6:38   0:10 
Kyle Palmieri            0  0  0   0  0   1  1  0  0  0  0/0    18:08   4:44   0:00 
Michal Repik             0  0  0  -2  0   2  0  1  0  0  0/0    11:13   0:00   0:00 
Peter Olvecky            0  0  0   0  0   5  2  0  0  1  1/1    19:07   4:56   0:00 
Petri Kontiola           2  1  3   2  0   2  4  0  2  0  21/39  23:28   5:35   0:23 
Roman Wick               0  0  0  -1  0   2  0  0  0  1  0/0     7:13   0:20   0:00 
Stefan Ruzicka           0  3  3   2  0   3  3  0  2  0  2/7    24:18   5:35   0:00 
Tomas Tatar              0  0  0  -1  0   1  0  0  0  0  0/0     8:33   0:11   0:00 
Victor Bartley           0  0  0   0  0   3  1  1  0  0  0/0    21:34   4:01   0:23 

Players Stats for Wolves

Player Name              G  A  P  +/- PIM S  H  SB GA TA FO     MP     PP MP  PK MP  
------------------------------------------------------------------------------------
Bruno Gervais            0  2  2   1  0   0  3  0  0  0  0/0    21:27   0:33   4:21 
Chris Neil               0  0  0  -2  2   4  3  1  0  0  4/8    25:11   0:33   5:18 
Chris Terry              0  0  0   2  0   0  0  0  0  1  0/0     6:37   0:00   0:00 
Dan Fritsche             1  0  1   2  0   1  0  0  1  1  0/2    13:08   0:33   4:43 
Dmitry Kulikov           0  0  0  -1  2   0  0  5  1  1  0/0    26:13   0:00   2:35 
Geoff Paukovich          0  1  1   1  0   3  0  0  0  0  0/0    14:57   0:33   1:45 
Jarret Stoll             0  0  0   0  0   3  0  2  1  0  2/10   16:01   0:00   1:21 
Jonathan Rheault         1  0  1   2  0   1  1  0  0  0  1/1     6:20   0:00   0:00 
Maksim Mayorov           0  0  0   0  0   0  3  0  0  0  2/2    12:17   0:00   0:00 
Marc-André Gragnani      0  1  1   1  2   1  0  0  0  0  0/0    15:33   0:00   3:11 
Mike Zigomanis           0  0  0  -2  2   3  3  3  0  1  15/35  26:14   0:00   5:13 
Milan Bartovic           0  0  0   0  0   3  1  1  1  0  0/1    15:07   0:00   2:31 
Nate Guenin              0  1  1   1  2   0  0  3  1  4  0/0    20:11   0:33   5:16 
Nathan Davis             0  2  2   1  2   2  0  0  1  0  4/8    11:37   0:00   0:07 
Nikolai Kulemin          0  0  0  -2  0   3  0  1  1  1  3/3    19:53   0:00   0:27 
Ryan Ellis               0  0  0  -1  0   3  0  3  0  0  0/0    25:15   0:00   0:40 
Tim Crowder              2  0  2   1  0   3  0  0  0  0  0/0    10:32   0:00   0:00 
Willie Mitchell          0  0  0   1  2   2  2  1  0  0  0/0    21:15   0:00   5:08 

3 Stars

1 - Chris Kreider (BEA)
2 - Petri Kontiola (BEA)
3 - Stefan Ruzicka (BEA)

Power Play

Harfangs - 1 on 7 Attempt(s) - 14,29%
Wolves - 0 on 1 Attempt(s) - 0,00%

Penalty Kill

Harfangs - 1 on 1 Attempt(s) - 100,00% - Score 0 goal in Penalty Kill
Wolves - 6 on 7 Attempt(s) - 85,71% - Score 0 goal in Penalty Kill

Team Stat

Harfangs - Hits : 24 - Faceoff Wins : 39 - Blocked Shots : 8 - Penalty Minutes : 2
Wolves - Hits : 16 - Faceoff Wins : 31 - Blocked Shots : 20 - Penalty Minutes : 14

Official

Referees : McCauley Wes and Pollock Kevin
Linesman : Lyle Seitz and Mike Cvik

Game Notes

15:42 of 3rd period - Wolves goal is going for a video replay. After video review, Goal.

Finance

Level 1 -- Attendance: 1598 (79,90%) -- Ticket Income 55 930 $
Level 2 -- Attendance: 751 (75,10%) -- Ticket Income 11 265 $
Total Attendance: 2349 (78,30%)
Total Ticket Income: 67 195 $
Other Income: 3 360 $
Total Income: 70 555 $

Harfangs

5 vs 5 Forward 
   Center                   Left Wing                Right Wing               Time % Phy DF OF 
 1 Petri Kontiola           Chris Kreider            Stefan Ruzicka           40     0   0  5  
 2 Alex Killorn             Peter Olvecky            Kyle Palmieri            30     0   0  5  
 3 Craig Smith              Dustin Jeffrey           Michal Repik             20     0   0  5  
 4 Drew Shore               Tomas Tatar              Roman Wick               10     0   0  5  

5 vs 5 Defense 
   Defense                  Defense                                           Time % Phy DF OF 
 1 Alexandre Picard         James Wisniewski                                  40     0   2  3  
 2 Brett Carson             Victor Bartley                                    30     0   2  3  
 3 Andrew Orpik             Brian Lashoff                                     20     0   3  2  
 4 Alexandre Picard         James Wisniewski                                  10     0   2  3  

PowerPlay Forward 
   Center                   Left Wing                Right Wing               Time % Phy DF OF 
 1 Petri Kontiola           Chris Kreider            Stefan Ruzicka           60     0   0  5  
 2 Alex Killorn             Peter Olvecky            Kyle Palmieri            40     0   0  5  

PowerPlay Defense
   Defense                  Defense                                           Time % Phy DF OF 
 1 Alexandre Picard         James Wisniewski                                  60     0   1  4  
 2 Brett Carson             Victor Bartley                                    40     0   1  4  

Penalty Kill 4 Players Forward 
   Center                   Wing                     Time % Phy DF OF 
 1 Petri Kontiola           Dustin Jeffrey           60     0   5  0  
 2 Drew Shore               Peter Olvecky            40     0   5  0  

Penalty Kill 4 Players Defense
   Defense                  Defense                  Time % Phy DF OF 
 1 James Wisniewski         Alexandre Picard         60     0   5  0  
 2 Brett Carson             Brian Lashoff            40     0   5  0  

Penalty Kill - 3 Players Forward 
   Forward                                           Time % Phy DF OF 
 1 Petri Kontiola                                    60     0   5  0  
 2 Drew Shore                                        40     0   5  0  

Penalty Kill - 3 Players Defense
   Defense                  Defense                  Time % Phy DF OF 
 1 James Wisniewski         Alexandre Picard         60     0   5  0  
 2 Brett Carson             Brian Lashoff            40     0   5  0  

4 vs 4 Forward 
   Center                   Wing                     Time % Phy DF OF 
 1 Stefan Ruzicka           Chris Kreider            60     0   0  5  
 2 Petri Kontiola           Alex Killorn             40     0   0  5  

4 vs 4 Defense
   Defense                  Defense                  Time % Phy DF OF 
 1 Alexandre Picard         James Wisniewski         60     0   2  3  
 2 Victor Bartley           Brett Carson             40     0   3  2  

Last Minutes Offensive
   Center                   Left Wing                Right Wing               Defense                  Defense                  
   Petri Kontiola           Chris Kreider            Stefan Ruzicka           Alexandre Picard         James Wisniewski         

Last Minutes Defensive
   Center                   Left Wing                Right Wing               Defense                  Defense                  
   Petri Kontiola           Chris Kreider            Stefan Ruzicka           James Wisniewski         Alexandre Picard         

Goaltenders
Starting : Darcy Kuemper            
Backup : Peter Budaj              

Extra Forwards
Normal : Stefan Ruzicka, Chris Kreider, Petri Kontiola - PP : Stefan Ruzicka, Petri Kontiola - PK : Petri Kontiola
Extra Defensemen
Normal : Brian Lashoff, James Wisniewski, Alexandre Picard - PP : Victor Bartley - PK : Brian Lashoff, Alexandre Picard
Penalty Shots
Petri Kontiola, Craig Smith, Stefan Ruzicka, James Wisniewski, Tomas Tatar

Wolves

5 vs 5 Forward 
   Center                   Left Wing                Right Wing               Time % Phy DF OF 
 1 Mike Zigomanis           Nikolai Kulemin          Chris Neil               40     1   0  4  
 2 Jarret Stoll             Maksim Mayorov           Milan Bartovic           30     2   0  3  
 3 Nathan Davis             Geoff Paukovich          Tim Crowder              20     1   1  3  
 4 Dan Fritsche             Chris Terry              Jonathan Rheault         10     2   2  1  

5 vs 5 Defense 
   Defense                  Defense                                           Time % Phy DF OF 
 1 Ryan Ellis               Dmitry Kulikov                                    40     1   3  1  
 2 Bruno Gervais            Willie Mitchell                                   30     1   3  1  
 3 Nate Guenin              Marc-André Gragnani                               20     1   3  1  
 4 Dmitry Kulikov           Ryan Ellis                                        10     1   3  1  

PowerPlay Forward 
   Center                   Left Wing                Right Wing               Time % Phy DF OF 
 1 Mike Zigomanis           Nikolai Kulemin          Chris Neil               60     0   0  5  
 2 Jarret Stoll             Geoff Paukovich          Milan Bartovic           40     0   0  5  

PowerPlay Defense
   Defense                  Defense                                           Time % Phy DF OF 
 1 Dmitry Kulikov           Ryan Ellis                                        60     1   2  2  
 2 Bruno Gervais            Nate Guenin                                       40     1   2  2  

Penalty Kill 4 Players Forward 
   Center                   Wing                     Time % Phy DF OF 
 1 Chris Neil               Mike Zigomanis           60     1   3  1  
 2 Milan Bartovic           Dan Fritsche             40     1   3  1  

Penalty Kill 4 Players Defense
   Defense                  Defense                  Time % Phy DF OF 
 1 Willie Mitchell          Nate Guenin              60     2   3  0  
 2 Marc-André Gragnani      Bruno Gervais            40     2   3  0  

Penalty Kill - 3 Players Forward 
   Forward                                           Time % Phy DF OF 
 1 Chris Neil                                        60     3   2  0  
 2 Mike Zigomanis                                    40     3   2  0  

Penalty Kill - 3 Players Defense
   Defense                  Defense                  Time % Phy DF OF 
 1 Willie Mitchell          Bruno Gervais            60     1   4  0  
 2 Marc-André Gragnani      Nate Guenin              40     1   4  0  

4 vs 4 Forward 
   Center                   Wing                     Time % Phy DF OF 
 1 Chris Neil               Mike Zigomanis           60     1   1  3  
 2 Jarret Stoll             Nikolai Kulemin          40     1   1  3  

4 vs 4 Defense
   Defense                  Defense                  Time % Phy DF OF 
 1 Ryan Ellis               Dmitry Kulikov           60     1   3  1  
 2 Bruno Gervais            Nate Guenin              40     1   3  1  

Last Minutes Offensive
   Center                   Left Wing                Right Wing               Defense                  Defense                  
   Mike Zigomanis           Nikolai Kulemin          Jarret Stoll             Ryan Ellis               Dmitry Kulikov           

Last Minutes Defensive
   Center                   Left Wing                Right Wing               Defense                  Defense                  
   Dan Fritsche             Milan Bartovic           Chris Neil               Willie Mitchell          Nate Guenin              

Goaltenders
Starting : Jamie Storr              
Backup : Loïc Lacasse             

Extra Forwards
Normal : Mike Zigomanis, Nikolai Kulemin, Jarret Stoll - PP : Mike Zigomanis, Jarret Stoll - PK : Dan Fritsche
Extra Defensemen
Normal : Dmitry Kulikov, Ryan Ellis, Nate Guenin - PP : Dmitry Kulikov - PK : Nate Guenin, Willie Mitchell
Penalty Shots
Jarret Stoll, Mike Zigomanis, Nikolai Kulemin, Dan Fritsche, Chris Neil

% Time on Ice - Harfangs

Lines # - Real PCT - Wanted PCT - Time Play
Normal Forward
1 - 33% - 40% - 15:41
2 - 29% - 30% - 13:50
3 - 24% - 20% - 11:13
4 - 14% - 10% - 6:38
Normal Defense
1 - 38% - 40% - 18:00
2 - 32% - 30% - 14:59
3 - 29% - 20% - 13:43
4 - 1% - 10% - 0:40
PP Forward
1 - 54% - 60% - 5:43
2 - 46% - 40% - 4:56
PP Defense
1 - 62% - 60% - 6:38
2 - 38% - 40% - 4:01
PK Forward
1 - 91% - 60% - 0:30
2 - 9% - 40% - 0:03
PK Defense
1 - 30% - 60% - 0:10
2 - 70% - 40% - 0:23
PK3 Forward
1 - 0% - 60%
2 - 0% - 40%
PK3 Defense
1 - 0% - 60%
2 - 0% - 40%
44 Forward
1 - 81% - 60% - 5:14
2 - 19% - 40% - 1:12
44 Defense
1 - 66% - 60% - 4:15
2 - 34% - 40% - 2:11
Last Minute Offensive  - 0:00
Last Minute Defensive  - 0:00
Total
Forward - 65:00
Defense - 65:00

% Time on Ice - Wolves

Lines # - Real PCT - Wanted PCT - Time Play
Normal Forward
1 - 38% - 40% - 18:13
2 - 26% - 30% - 12:17
3 - 22% - 20% - 10:32
4 - 13% - 10% - 6:20
Normal Defense
1 - 41% - 40% - 19:25
2 - 33% - 30% - 15:43
3 - 22% - 20% - 10:33
4 - 4% - 10% - 1:41
PP Forward
1 - 100% - 60% - 0:33
2 - 0% - 40% - 0:00
PP Defense
1 - 0% - 60% - 0:00
2 - 100% - 40% - 0:33
PK Forward
1 - 77% - 60% - 8:15
2 - 23% - 40% - 2:24
PK Defense
1 - 73% - 60% - 7:46
2 - 27% - 40% - 2:53
PK3 Forward
1 - 0% - 60%
2 - 0% - 40%
PK3 Defense
1 - 0% - 60%
2 - 0% - 40%
44 Forward
1 - 88% - 60% - 5:41
2 - 12% - 40% - 0:45
44 Defense
1 - 78% - 60% - 5:02
2 - 22% - 40% - 1:24
Last Minute Offensive  - 0:00
Last Minute Defensive  - 0:00
Total
Forward - 65:00
Defense - 65:00

Play by Play

1st period


0:01 of 1st period - Petri Kontiola wins face-off versus Mike Zigomanis in neutral zone.
1:13 of 1st period - Wrist shot by Roman Wick.
1:13 of 1st period - Shot Misses the Net.
1:15 of 1st period - Wrist shot by Victor Bartley.
1:15 of 1st period - Stopped by Jamie Storr without a rebound.
1:16 of 1st period - Mike Zigomanis wins face-off versus Petri Kontiola in Wolves zone.
2:09 of 1st period - Icing by Craig Smith.
2:10 of 1st period - Jarret Stoll wins face-off versus Craig Smith in Harfangs zone.
3:24 of 1st period - Slapshot by Drew Shore.
3:24 of 1st period - Stopped by Jamie Storr with a rebound.
3:26 of 1st period - Backhand shot by Drew Shore.
3:26 of 1st period - Stopped by Jamie Storr with a rebound.
3:28 of 1st period - Slapshot by Victor Bartley.
3:28 of 1st period - Stopped by Jamie Storr with a rebound.
3:30 of 1st period - Slapshot by Victor Bartley.
3:30 of 1st period - Stopped by Jamie Storr without a rebound.
3:31 of 1st period - Petri Kontiola wins face-off versus Mike Zigomanis in Wolves zone.
3:54 of 1st period - Icing by Nate Guenin.
3:55 of 1st period - Maksim Mayorov wins face-off versus Alex Killorn in Wolves zone.
4:04 of 1st period - Snap shot by Kyle Palmieri.
4:04 of 1st period - Deflect By Peter Olvecky.
4:04 of 1st period - Stopped by Jamie Storr with a rebound.
4:47 of 1st period - Wrist shot by Mike Zigomanis.
4:47 of 1st period - Shot Blocked by Craig Smith.
5:32 of 1st period - Snap shot by Milan Bartovic.
5:32 of 1st period - Stopped by Darcy Kuemper without a rebound.
5:33 of 1st period - Mike Zigomanis wins face-off versus Petri Kontiola in Harfangs zone.
6:00 of 1st period - Dmitry Kulikov is hit by Peter Olvecky and loses puck.
6:27 of 1st period - Snap shot by Tim Crowder.
6:27 of 1st period - Deflect By Nathan Davis.
6:27 of 1st period - Shot Misses the Net.
6:27 of 1st period - Puck is out of play.
6:28 of 1st period - Mike Zigomanis wins face-off versus Petri Kontiola in Harfangs zone.
6:58 of 1st period - Peter Olvecky is hit by Willie Mitchell and loses puck.
7:03 of 1st period - Snap shot by Nathan Davis.
7:03 of 1st period - Stopped by Darcy Kuemper with a rebound.
7:30 of 1st period - Slapshot by Alex Killorn.
7:30 of 1st period - Shot Misses the Net.
7:32 of 1st period - Slapshot by Alexandre Picard.
7:32 of 1st period - Shot Blocked by Dmitry Kulikov.
7:34 of 1st period - Wrist shot by Peter Olvecky.
7:34 of 1st period - Shot Misses the Net.
7:36 of 1st period - Snap shot by James Wisniewski.
7:36 of 1st period - Shot Blocked by Ryan Ellis.
7:38 of 1st period - Slapshot by Peter Olvecky.
7:38 of 1st period - Shot Misses the Net.
7:40 of 1st period - Slapshot by James Wisniewski.
7:40 of 1st period - Stopped by Jamie Storr without a rebound.
7:41 of 1st period - Petri Kontiola wins face-off versus Mike Zigomanis in Wolves zone.
7:46 of 1st period - Snap shot by Chris Kreider.
7:46 of 1st period - Goal by Chris Kreider - Harfangs : 1 - Wolves : 0.
7:47 of 1st period - Petri Kontiola wins face-off versus Mike Zigomanis in neutral zone.
7:50 of 1st period - Snap shot by Stefan Ruzicka.
7:50 of 1st period - Shot Blocked by Willie Mitchell.
7:52 of 1st period - Minor Penalty to Chris Neil for Roughing.
7:53 of 1st period - Chris Kreider wins face-off versus Dan Fritsche in Wolves zone.
8:25 of 1st period - Minor Penalty to Alexandre Picard for Interference.
8:26 of 1st period - Nikolai Kulemin wins face-off versus Stefan Ruzicka in Harfangs zone.
8:29 of 1st period - Snap shot by Mike Zigomanis.
8:29 of 1st period - Stopped by Darcy Kuemper with a rebound.
8:32 of 1st period - Icing by James Wisniewski.
8:33 of 1st period - Nikolai Kulemin wins face-off versus Stefan Ruzicka in Harfangs zone.
8:48 of 1st period - Slapshot by Nikolai Kulemin.
8:48 of 1st period - Stopped by Darcy Kuemper without a rebound.
8:49 of 1st period - Nikolai Kulemin wins face-off versus Stefan Ruzicka in Harfangs zone.
8:50 of 1st period - Backhand shot by Mike Zigomanis.
8:50 of 1st period - Stopped by Darcy Kuemper with a rebound.
9:52 of 1st period - Penalty to Chris Neil is over, Chris Neil is back on ice.
10:25 of 1st period - Penalty to Alexandre Picard is over, Alexandre Picard is back on ice.
10:27 of 1st period - Wrist shot by Chris Neil.
10:27 of 1st period - Stopped by Darcy Kuemper with a rebound.
10:29 of 1st period - Snap shot by Geoff Paukovich.
10:29 of 1st period - Deflect By Chris Neil.
10:29 of 1st period - Stopped by Darcy Kuemper without a rebound.
10:30 of 1st period - Peter Olvecky wins face-off versus Jarret Stoll in Harfangs zone.
10:30 of 1st period - Peter Olvecky is hit by Maksim Mayorov.
11:00 of 1st period - Snap shot by Chris Neil.
11:00 of 1st period - Stopped by Darcy Kuemper without a rebound.
11:01 of 1st period - Mike Zigomanis wins face-off versus Petri Kontiola in Harfangs zone.
11:52 of 1st period - Wrist shot by Jarret Stoll.
11:52 of 1st period - Stopped by Darcy Kuemper without a rebound.
11:53 of 1st period - Chris Kreider wins face-off versus Mike Zigomanis in Harfangs zone.
12:03 of 1st period - Minor Penalty to Mike Zigomanis for Hooking.
12:04 of 1st period - Chris Neil wins face-off versus Petri Kontiola in Wolves zone.
12:04 of 1st period - Chris Neil is hit by Chris Kreider.
14:03 of 1st period - Penalty to Mike Zigomanis is over, Mike Zigomanis is back on ice.
14:23 of 1st period - Wrist shot by Geoff Paukovich.
14:23 of 1st period - Stopped by Darcy Kuemper with a rebound.
14:39 of 1st period - Wrist shot by Mike Zigomanis.
14:39 of 1st period - Deflect By Maksim Mayorov.
14:39 of 1st period - Shot Misses the Net.
14:39 of 1st period - Puck is out of play.
14:40 of 1st period - Drew Shore wins face-off versus Mike Zigomanis in Harfangs zone.
15:18 of 1st period - Peter Olvecky is hit by Mike Zigomanis and loses puck.
15:31 of 1st period - Minor Penalty to Willie Mitchell for Tripping.
15:32 of 1st period - Chris Neil wins face-off versus Petri Kontiola in Wolves zone.
15:37 of 1st period - James Wisniewski is hit by Bruno Gervais and loses puck.
17:22 of 1st period - James Wisniewski is hit by Mike Zigomanis and loses puck.
17:31 of 1st period - Penalty to Willie Mitchell is over, Willie Mitchell is back on ice.
17:41 of 1st period - Slapshot by Dustin Jeffrey.
17:41 of 1st period - Shot Misses the Net.
17:47 of 1st period - Slapshot by Tim Crowder.
17:47 of 1st period - Stopped by Darcy Kuemper with a rebound.
18:07 of 1st period - Snap shot by Dan Fritsche.
18:07 of 1st period - Shot Blocked by Brett Carson.
18:09 of 1st period - Wrist shot by Willie Mitchell.
18:09 of 1st period - Stopped by Darcy Kuemper with a rebound.
18:42 of 1st period - Icing by Nathan Davis.
18:43 of 1st period - Petri Kontiola wins face-off versus Dan Fritsche in Wolves zone.
18:44 of 1st period - Snap shot by Stefan Ruzicka.
18:44 of 1st period - Shot Misses the Net.
19:11 of 1st period - Snap shot by Tim Crowder.
19:11 of 1st period - Deflect By Nathan Davis.
19:11 of 1st period - Stopped by Darcy Kuemper with a rebound.
19:13 of 1st period - Snap shot by Ryan Ellis.
19:13 of 1st period - Stopped by Darcy Kuemper with a rebound.
19:50 of 1st period - Wrist shot by Mike Zigomanis.
19:50 of 1st period - Stopped by Darcy Kuemper with a rebound.
19:52 of 1st period - Snap shot by Nikolai Kulemin.
19:52 of 1st period - Deflect By Mike Zigomanis.
19:52 of 1st period - Shot Misses the Net.
19:52 of 1st period - Puck is out of play.
19:53 of 1st period - Petri Kontiola wins face-off versus Jarret Stoll in Harfangs zone.
Goals for this period are 1 for Harfangs vs 0 for Wolves.
Shots for this period are 8 for Harfangs vs 15 for Wolves.

2nd period


0:01 of 2nd period - Petri Kontiola wins face-off versus Mike Zigomanis in neutral zone.
1:13 of 2nd period - Chris Kreider is hit by Bruno Gervais.
1:21 of 2nd period - Snap shot by Chris Kreider.
1:21 of 2nd period - Shot Misses the Net.
1:33 of 2nd period - Wrist shot by Roman Wick.
1:33 of 2nd period - Stopped by Jamie Storr with a rebound.
1:35 of 2nd period - Slapshot by Brian Lashoff.
1:35 of 2nd period - Deflect By Tomas Tatar.
1:35 of 2nd period - Stopped by Jamie Storr with a rebound.
1:37 of 2nd period - Slapshot by Andrew Orpik.
1:37 of 2nd period - Shot Blocked by Nate Guenin.
1:39 of 2nd period - Snap shot by Andrew Orpik.
1:39 of 2nd period - Stopped by Jamie Storr with a rebound.
1:41 of 2nd period - Slapshot by Brian Lashoff.
1:41 of 2nd period - Stopped by Jamie Storr with a rebound.
1:43 of 2nd period - Snap shot by Roman Wick.
1:43 of 2nd period - Stopped by Jamie Storr without a rebound.
1:44 of 2nd period - Alex Killorn wins face-off versus Jarret Stoll in Wolves zone.
1:47 of 2nd period - Snap shot by Alex Killorn.
1:47 of 2nd period - Stopped by Jamie Storr with a rebound.
1:49 of 2nd period - Snap shot by Peter Olvecky.
1:49 of 2nd period - Stopped by Jamie Storr with a rebound.
1:51 of 2nd period - Slapshot by Alexandre Picard.
1:51 of 2nd period - Shot Blocked by Jarret Stoll.
1:53 of 2nd period - Wrist shot by Kyle Palmieri.
1:53 of 2nd period - Shot Blocked by Dmitry Kulikov.
1:55 of 2nd period - Snap shot by Peter Olvecky.
1:55 of 2nd period - Stopped by Jamie Storr without a rebound.
1:56 of 2nd period - Mike Zigomanis wins face-off versus Petri Kontiola in Wolves zone.
1:56 of 2nd period - Mike Zigomanis is hit by Alexandre Picard.
2:06 of 2nd period - Slapshot by Chris Kreider.
2:06 of 2nd period - Deflect By Ryan Ellis.
2:06 of 2nd period - Stopped by Jamie Storr with a rebound.
2:08 of 2nd period - Wrist shot by James Wisniewski.
2:08 of 2nd period - Shot Blocked by Ryan Ellis.
2:10 of 2nd period - Snap shot by Petri Kontiola.
2:10 of 2nd period - Shot Blocked by Mike Zigomanis.
2:27 of 2nd period - Snap shot by Craig Smith.
2:27 of 2nd period - Shot Blocked by Nate Guenin.
2:29 of 2nd period - Slapshot by James Wisniewski.
2:29 of 2nd period - Stopped by Jamie Storr with a rebound.
2:31 of 2nd period - Slapshot by Alexandre Picard.
2:31 of 2nd period - Shot Blocked by Chris Neil.
2:33 of 2nd period - Slapshot by James Wisniewski.
2:33 of 2nd period - Stopped by Jamie Storr with a rebound.
2:35 of 2nd period - Slapshot by Alexandre Picard.
2:35 of 2nd period - Shot Blocked by Mike Zigomanis.
4:37 of 2nd period - Icing by James Wisniewski.
4:38 of 2nd period - Alex Killorn wins face-off versus Mike Zigomanis in Harfangs zone.
4:38 of 2nd period - Alex Killorn is hit by Chris Neil.
5:29 of 2nd period - Icing by Nathan Davis.
5:30 of 2nd period - Nathan Davis wins face-off versus Petri Kontiola in Wolves zone.
5:30 of 2nd period - Nathan Davis is hit by Chris Kreider.
5:44 of 2nd period - Slapshot by Tim Crowder.
5:44 of 2nd period - Goal by Tim Crowder - Harfangs : 1 - Wolves : 1.
5:45 of 2nd period - Chris Kreider wins face-off versus Mike Zigomanis in neutral zone.
6:21 of 2nd period - Slapshot by Jarret Stoll.
6:21 of 2nd period - Stopped by Darcy Kuemper without a rebound.
6:22 of 2nd period - Petri Kontiola wins face-off versus Mike Zigomanis in Harfangs zone.
6:47 of 2nd period - Jarret Stoll is hit by Peter Olvecky and loses puck.
6:58 of 2nd period - Snap shot by Alex Killorn.
6:58 of 2nd period - Stopped by Jamie Storr with a rebound.
7:00 of 2nd period - Slapshot by Andrew Orpik.
7:00 of 2nd period - Shot Blocked by Milan Bartovic.
7:50 of 2nd period - Chris Kreider is hit by Jonathan Rheault and loses puck.
8:19 of 2nd period - Snap shot by Peter Olvecky.
8:19 of 2nd period - Stopped by Jamie Storr with a rebound.
8:21 of 2nd period - Snap shot by Brian Lashoff.
8:21 of 2nd period - Shot Misses the Net.
8:36 of 2nd period - Minor Penalty to Marc-André Gragnani for High sticking.
8:37 of 2nd period - Petri Kontiola wins face-off versus Chris Neil in Wolves zone.
8:52 of 2nd period - Wrist shot by Chris Kreider.
8:52 of 2nd period - Shot Blocked by Nate Guenin.
10:36 of 2nd period - Penalty to Marc-André Gragnani is over, Marc-André Gragnani is back on ice.
10:45 of 2nd period - Icing by Jarret Stoll.
10:46 of 2nd period - Craig Smith wins face-off versus Jarret Stoll in Wolves zone.
11:34 of 2nd period - Willie Mitchell is hit by Kyle Palmieri and loses puck.
12:09 of 2nd period - Icing by Brett Carson.
12:10 of 2nd period - Mike Zigomanis wins face-off versus Craig Smith in Harfangs zone.
13:07 of 2nd period - Snap shot by Alex Killorn.
13:07 of 2nd period - Shot Misses the Net.
13:09 of 2nd period - Snap shot by Kyle Palmieri.
13:09 of 2nd period - Shot Misses the Net.
13:11 of 2nd period - Snap shot by James Wisniewski.
13:11 of 2nd period - Deflect By Kyle Palmieri.
13:11 of 2nd period - Stopped by Jamie Storr with a rebound.
13:48 of 2nd period - Off-side.
13:49 of 2nd period - Craig Smith wins face-off versus Mike Zigomanis in neutral zone.
13:58 of 2nd period - Snap shot by Craig Smith.
13:58 of 2nd period - Shot Blocked by Nikolai Kulemin.
14:00 of 2nd period - Slapshot by Brett Carson.
14:00 of 2nd period - Stopped by Jamie Storr without a rebound.
14:01 of 2nd period - Mike Zigomanis wins face-off versus Stefan Ruzicka in Wolves zone.
14:01 of 2nd period - Mike Zigomanis is hit by Petri Kontiola.
14:27 of 2nd period - Alexandre Picard is hit by Milan Bartovic and loses puck.
15:38 of 2nd period - Snap shot by Chris Kreider.
15:38 of 2nd period - Shot Misses the Net.
16:33 of 2nd period - Dmitry Kulikov is hit by Chris Kreider and loses puck.
17:00 of 2nd period - Roman Wick is hit by Mike Zigomanis and loses puck.
17:23 of 2nd period - Wrist shot by Milan Bartovic.
17:23 of 2nd period - Stopped by Darcy Kuemper with a rebound.
17:25 of 2nd period - Backhand shot by Milan Bartovic.
17:25 of 2nd period - Shot Blocked by Andrew Orpik.
17:27 of 2nd period - Slapshot by Jarret Stoll.
17:27 of 2nd period - Stopped by Darcy Kuemper without a rebound.
17:28 of 2nd period - Petri Kontiola wins face-off versus Nathan Davis in Harfangs zone.
17:32 of 2nd period - Icing by Stefan Ruzicka.
17:33 of 2nd period - Petri Kontiola wins face-off versus Nathan Davis in Harfangs zone.
17:38 of 2nd period - Wrist shot by Chris Kreider.
17:38 of 2nd period - Deflect By Petri Kontiola.
17:38 of 2nd period - Goal by Petri Kontiola - Harfangs : 2 - Wolves : 1.
17:39 of 2nd period - Mike Zigomanis wins face-off versus Petri Kontiola in neutral zone.
17:52 of 2nd period - Snap shot by Chris Neil.
17:52 of 2nd period - Stopped by Darcy Kuemper with a rebound.
17:54 of 2nd period - Wrist shot by Ryan Ellis.
17:54 of 2nd period - Stopped by Darcy Kuemper with a rebound.
18:36 of 2nd period - Minor Penalty to Nathan Davis for Interference.
18:37 of 2nd period - Chris Neil wins face-off versus Petri Kontiola in Wolves zone.
Goals for this period are 1 for Harfangs vs 1 for Wolves.
Shots for this period are 16 for Harfangs vs 6 for Wolves.

3rd period


0:01 of 3rd period - Stefan Ruzicka wins face-off versus Chris Neil in neutral zone.
0:14 of 3rd period - Snap shot by Petri Kontiola.
0:14 of 3rd period - Shot Misses the Net.
0:16 of 3rd period - Wrist shot by Chris Kreider.
0:16 of 3rd period - Shot Blocked by Mike Zigomanis.
0:26 of 3rd period - Mike Zigomanis is hit by James Wisniewski.
0:36 of 3rd period - Penalty to Nathan Davis is over, Nathan Davis is back on ice.
0:54 of 3rd period - Brett Carson is hit by Willie Mitchell.
0:58 of 3rd period - Mike Zigomanis is hit by Drew Shore and loses puck.
1:33 of 3rd period - Snap shot by Craig Smith.
1:33 of 3rd period - Stopped by Jamie Storr without a rebound.
1:34 of 3rd period - Craig Smith wins face-off versus Jarret Stoll in Wolves zone.
1:37 of 3rd period - Wrist shot by Dustin Jeffrey.
1:37 of 3rd period - Stopped by Jamie Storr without a rebound.
1:38 of 3rd period - Petri Kontiola wins face-off versus Jarret Stoll in Wolves zone.
1:47 of 3rd period - Wrist shot by Chris Kreider.
1:47 of 3rd period - Deflect By Stefan Ruzicka.
1:47 of 3rd period - Stopped by Jamie Storr with a rebound.
1:49 of 3rd period - Backhand shot by Alexandre Picard.
1:49 of 3rd period - Stopped by Jamie Storr without a rebound.
1:50 of 3rd period - Chris Kreider wins face-off versus Jarret Stoll in Wolves zone.
2:00 of 3rd period - Icing by Chris Kreider.
2:01 of 3rd period - Jarret Stoll wins face-off versus Petri Kontiola in Harfangs zone.
2:12 of 3rd period - Snap shot by Chris Kreider.
2:12 of 3rd period - Stopped by Jamie Storr without a rebound.
2:13 of 3rd period - Petri Kontiola wins face-off versus Mike Zigomanis in Wolves zone.
2:14 of 3rd period - Snap shot by Stefan Ruzicka.
2:14 of 3rd period - Stopped by Jamie Storr without a rebound.
2:15 of 3rd period - Petri Kontiola wins face-off versus Mike Zigomanis in Wolves zone.
2:20 of 3rd period - Snap shot by Chris Kreider.
2:20 of 3rd period - Shot Misses the Net.
2:30 of 3rd period - Wrist shot by Chris Neil.
2:30 of 3rd period - Deflect By Nikolai Kulemin.
2:30 of 3rd period - Stopped by Darcy Kuemper with a rebound.
2:40 of 3rd period - Milan Bartovic is hit by Alex Killorn and loses puck.
2:45 of 3rd period - Snap shot by Peter Olvecky.
2:45 of 3rd period - Stopped by Jamie Storr with a rebound.
2:47 of 3rd period - Slapshot by Brett Carson.
2:47 of 3rd period - Shot Blocked by Dmitry Kulikov.
2:49 of 3rd period - Slapshot by Brett Carson.
2:49 of 3rd period - Stopped by Jamie Storr without a rebound.
2:50 of 3rd period - Mike Zigomanis wins face-off versus Petri Kontiola in Wolves zone.
2:59 of 3rd period - Snap shot by Mike Zigomanis.
2:59 of 3rd period - Shot Blocked by Victor Bartley.
3:01 of 3rd period - Slapshot by Willie Mitchell.
3:01 of 3rd period - Stopped by Darcy Kuemper without a rebound.
3:02 of 3rd period - Mike Zigomanis wins face-off versus Petri Kontiola in Harfangs zone.
3:11 of 3rd period - Mike Zigomanis is hit by Stefan Ruzicka and loses puck.
3:37 of 3rd period - Wrist shot by Milan Bartovic.
3:37 of 3rd period - Stopped by Darcy Kuemper without a rebound.
3:38 of 3rd period - Alex Killorn wins face-off versus Mike Zigomanis in Harfangs zone.
4:04 of 3rd period - Willie Mitchell is hit by Chris Kreider and loses puck.
4:11 of 3rd period - Snap shot by Chris Kreider.
4:11 of 3rd period - Deflect By Willie Mitchell.
4:11 of 3rd period - Shot Misses the Net.
4:11 of 3rd period - Puck is out of play.
4:12 of 3rd period - Mike Zigomanis wins face-off versus Petri Kontiola in Wolves zone.
4:20 of 3rd period - Icing by Chris Kreider.
4:21 of 3rd period - Petri Kontiola wins face-off versus Mike Zigomanis in Harfangs zone.
4:46 of 3rd period - Slapshot by Chris Kreider.
4:46 of 3rd period - Shot Blocked by Dmitry Kulikov.
4:48 of 3rd period - Wrist shot by Stefan Ruzicka.
4:48 of 3rd period - Stopped by Jamie Storr with a rebound.
4:50 of 3rd period - Slapshot by Alexandre Picard.
4:50 of 3rd period - Stopped by Jamie Storr without a rebound.
4:51 of 3rd period - Maksim Mayorov wins face-off versus Alex Killorn in Wolves zone.
5:46 of 3rd period - Wrist shot by Nikolai Kulemin.
5:46 of 3rd period - Stopped by Darcy Kuemper without a rebound.
5:47 of 3rd period - Petri Kontiola wins face-off versus Mike Zigomanis in Harfangs zone.
5:47 of 3rd period - Petri Kontiola is hit by Bruno Gervais.
6:35 of 3rd period - Andrew Orpik is hit by Chris Neil and loses puck.
6:50 of 3rd period - Slapshot by Andrew Orpik.
6:50 of 3rd period - Goal by Andrew Orpik - Harfangs : 3 - Wolves : 1.
6:51 of 3rd period - Alex Killorn wins face-off versus Jarret Stoll in neutral zone.
7:48 of 3rd period - Slapshot by Dan Fritsche.
7:48 of 3rd period - Goal by Dan Fritsche - Harfangs : 3 - Wolves : 2.
7:49 of 3rd period - Petri Kontiola wins face-off versus Mike Zigomanis in neutral zone.
8:14 of 3rd period - Peter Olvecky is hit by Maksim Mayorov and loses puck.
8:58 of 3rd period - Wrist shot by Nikolai Kulemin.
8:58 of 3rd period - Shot Misses the Net.
9:14 of 3rd period - Minor Penalty to Nate Guenin for Interference.
9:15 of 3rd period - Chris Neil wins face-off versus Petri Kontiola in Wolves zone.
9:26 of 3rd period - Slapshot by Chris Kreider.
9:26 of 3rd period - Shot Misses the Net.
10:08 of 3rd period - Willie Mitchell is hit by Petri Kontiola.
10:30 of 3rd period - Geoff Paukovich is hit by Alex Killorn and loses puck.
11:14 of 3rd period - Penalty to Nate Guenin is over, Nate Guenin is back on ice.
11:16 of 3rd period - Icing by Jarret Stoll.
11:17 of 3rd period - Nathan Davis wins face-off versus Petri Kontiola in Wolves zone.
11:30 of 3rd period - Slapshot by Ryan Ellis.
11:30 of 3rd period - Deflect By Geoff Paukovich.
11:30 of 3rd period - Stopped by Darcy Kuemper with a rebound.
11:40 of 3rd period - Craig Smith is hit by Maksim Mayorov.
11:46 of 3rd period - Snap shot by Jarret Stoll.
11:46 of 3rd period - Shot Misses the Net.
11:53 of 3rd period - Icing by Drew Shore.
11:54 of 3rd period - Mike Zigomanis wins face-off versus Drew Shore in Harfangs zone.
11:55 of 3rd period - Wrist shot by Chris Neil.
11:55 of 3rd period - Shot Blocked by Drew Shore.
11:57 of 3rd period - Snap shot by Nikolai Kulemin.
11:57 of 3rd period - Shot Blocked by Andrew Orpik.
11:59 of 3rd period - Slapshot by Marc-André Gragnani.
11:59 of 3rd period - Stopped by Darcy Kuemper without a rebound.
12:00 of 3rd period - Petri Kontiola wins face-off versus Mike Zigomanis in Harfangs zone.
12:00 of 3rd period - Petri Kontiola is hit by Chris Neil.
12:05 of 3rd period - Off-side.
12:06 of 3rd period - Petri Kontiola wins face-off versus Mike Zigomanis in neutral zone.
12:40 of 3rd period - Slapshot by Ryan Ellis.
12:40 of 3rd period - Stopped by Darcy Kuemper with a rebound.
12:42 of 3rd period - Wrist shot by Milan Bartovic.
12:42 of 3rd period - Shot Misses the Net.
12:56 of 3rd period - Bruno Gervais is hit by Brett Carson and loses puck.
13:01 of 3rd period - Snap shot by Craig Smith.
13:01 of 3rd period - Stopped by Jamie Storr without a rebound.
13:02 of 3rd period - Mike Zigomanis wins face-off versus Petri Kontiola in Wolves zone.
13:02 of 3rd period - Mike Zigomanis is hit by Stefan Ruzicka.
13:32 of 3rd period - Off-side.
13:33 of 3rd period - Alex Killorn wins face-off versus Milan Bartovic in neutral zone.
13:39 of 3rd period - Minor Penalty to Dmitry Kulikov for Goalie Interference.
13:40 of 3rd period - Petri Kontiola wins face-off versus Chris Neil in Wolves zone.
13:50 of 3rd period - Wrist shot by Petri Kontiola.
13:50 of 3rd period - Goal by Petri Kontiola - Harfangs : 4 - Wolves : 2.
13:51 of 3rd period - Mike Zigomanis wins face-off versus Petri Kontiola in neutral zone.
15:05 of 3rd period - Icing by Bruno Gervais.
15:06 of 3rd period - Nathan Davis wins face-off versus Alex Killorn in Wolves zone.
15:15 of 3rd period - Wrist shot by Nathan Davis.
15:15 of 3rd period - Shot Misses the Net.
15:17 of 3rd period - Slapshot by Willie Mitchell.
15:17 of 3rd period - Deflect By Geoff Paukovich.
15:17 of 3rd period - Stopped by Darcy Kuemper with a rebound.
15:30 of 3rd period - Off-side.
15:31 of 3rd period - Jonathan Rheault wins face-off versus Craig Smith in neutral zone.
15:38 of 3rd period - Slapshot by Nate Guenin.
15:38 of 3rd period - Shot Misses the Net.
15:40 of 3rd period - Wrist shot by Marc-André Gragnani.
15:40 of 3rd period - Shot Blocked by Michal Repik.
15:42 of 3rd period - Wrist shot by Jonathan Rheault.
15:42 of 3rd period - Wolves goal is going for a video replay.
15:42 of 3rd period - The goal is good.
15:42 of 3rd period - Goal by Jonathan Rheault - Harfangs : 4 - Wolves : 3.
15:43 of 3rd period - Craig Smith wins face-off versus Nathan Davis in neutral zone.
15:52 of 3rd period - Snap shot by James Wisniewski.
15:52 of 3rd period - Stopped by Jamie Storr without a rebound.
15:53 of 3rd period - Craig Smith wins face-off versus Nathan Davis in Wolves zone.
16:09 of 3rd period - Wrist shot by Dustin Jeffrey.
16:09 of 3rd period - Stopped by Jamie Storr with a rebound.
16:11 of 3rd period - Wrist shot by Michal Repik.
16:11 of 3rd period - Stopped by Jamie Storr with a rebound.
16:13 of 3rd period - Backhand shot by James Wisniewski.
16:13 of 3rd period - Deflect By Ryan Ellis.
16:13 of 3rd period - Stopped by Jamie Storr with a rebound.
16:15 of 3rd period - Wrist shot by Michal Repik.
16:15 of 3rd period - Stopped by Jamie Storr with a rebound.
16:17 of 3rd period - Wrist shot by Dustin Jeffrey.
16:17 of 3rd period - Stopped by Jamie Storr with a rebound.
16:19 of 3rd period - Wrist shot by Michal Repik.
16:19 of 3rd period - Deflect By Craig Smith.
16:19 of 3rd period - Shot Blocked by Ryan Ellis.
16:19 of 3rd period - Puck is out of play.
16:20 of 3rd period - Mike Zigomanis wins face-off versus Stefan Ruzicka in Wolves zone.
16:20 of 3rd period - Mike Zigomanis is hit by Chris Kreider.
16:28 of 3rd period - Snap shot by Mike Zigomanis.
16:28 of 3rd period - Shot Blocked by Brett Carson.
16:48 of 3rd period - Dan Fritsche is hit by Alex Killorn and loses puck.
17:17 of 3rd period - Slapshot by Tim Crowder.
17:17 of 3rd period - Goal by Tim Crowder - Harfangs : 4 - Wolves : 4.
17:18 of 3rd period - Nathan Davis wins face-off versus Craig Smith in neutral zone.
17:58 of 3rd period - Off-side.
17:59 of 3rd period - Petri Kontiola wins face-off versus Mike Zigomanis in neutral zone.
18:02 of 3rd period - Slapshot by Brett Carson.
18:02 of 3rd period - Shot Misses the Net.
18:31 of 3rd period - Snap shot by Peter Olvecky.
18:31 of 3rd period - Shot Blocked by Dmitry Kulikov.
19:49 of 3rd period - Nate Guenin is hit by Victor Bartley and loses puck.
Goals for this period are 2 for Harfangs vs 3 for Wolves.
Shots for this period are 19 for Harfangs vs 11 for Wolves.

Overtime #1


0:01 of 1st overtime period - Stefan Ruzicka wins face-off versus Chris Neil in neutral zone.
0:26 of 1st overtime period - Ryan Ellis is hit by Chris Kreider and loses puck.
1:11 of 1st overtime period - Mike Zigomanis is hit by Petri Kontiola and loses puck.
2:11 of 1st overtime period - Nate Guenin is hit by Stefan Ruzicka and loses puck.
3:35 of 1st overtime period - Snap shot by Peter Olvecky.
3:35 of 1st overtime period - Shot Blocked by Jarret Stoll.
4:13 of 1st overtime period - Ryan Ellis is hit by Petri Kontiola and loses puck.
Goals for this period are 0 for Harfangs vs 0 for Wolves.
Shots for this period are 0 for Harfangs vs 0 for Wolves.

ShootOut


5:00 of 1st overtime period - Penalty Shot by Petri Kontiola for Harfangs.
5:00 of 1st overtime period - Wrist shot by Petri Kontiola.
5:00 of 1st overtime period - Stopped by Jamie Storr.
5:00 of 1st overtime period - Penalty Shot by Jarret Stoll for Wolves.
5:00 of 1st overtime period - Deke by Jarret Stoll.
5:00 of 1st overtime period - Stopped by Darcy Kuemper.
5:00 of 1st overtime period - Penalty Shot by Craig Smith for Harfangs.
5:00 of 1st overtime period - Wrist shot by Craig Smith.
5:00 of 1st overtime period - Stopped by Jamie Storr.
5:00 of 1st overtime period - Penalty Shot by Mike Zigomanis for Wolves.
5:00 of 1st overtime period - Snap shot by Mike Zigomanis.
5:00 of 1st overtime period - Stopped by Darcy Kuemper.
5:00 of 1st overtime period - Penalty Shot by Stefan Ruzicka for Harfangs.
5:00 of 1st overtime period - Deke by Stefan Ruzicka.
5:00 of 1st overtime period - Stopped by Jamie Storr.
5:00 of 1st overtime period - Penalty Shot by Nikolai Kulemin for Wolves.
5:00 of 1st overtime period - Backhand shot by Nikolai Kulemin.
5:00 of 1st overtime period - Shot Misses the Net.
5:00 of 1st overtime period - Penalty Shot by James Wisniewski for Harfangs.
5:00 of 1st overtime period - Deke by James Wisniewski.
5:00 of 1st overtime period - Shot Misses the Net.
5:00 of 1st overtime period - Penalty Shot by Dan Fritsche for Wolves.
5:00 of 1st overtime period - Deke by Dan Fritsche.
5:00 of 1st overtime period - Stopped by Darcy Kuemper.
5:00 of 1st overtime period - Penalty Shot by Tomas Tatar for Harfangs.
5:00 of 1st overtime period - Snap shot by Tomas Tatar.
5:00 of 1st overtime period - Shot Misses the Net.
5:00 of 1st overtime period - Penalty Shot by Chris Neil for Wolves.
5:00 of 1st overtime period - Deke by Chris Neil.
5:00 of 1st overtime period - Goal by Chris Neil.


Output by the SimonT Hockey Simulator (STHS) for François Prévost -- Original Page W3C XHTML 1.0 Valid
Hockey Simulator - Hockey Simulation - Hockey Manager